 Dungeon Crawl Stone Soup version 0.18.1-5-g4a78601 (webtiles) character file.

20589 MTVSty1e the Blocker (level 13, -4/104 HPs)
             Began as a Formicid Fighter on May 8, 2016.
             Was a High Priest of Okawaru.
             Shot with a bolt by an orc warrior (16 damage)
             ... on level 13 of the Dungeon on May 10, 2016.
             The game lasted 01:20:31 (16972 turns).

MTVSty1e the Blocker (Formicid Fighter)            Turns: 16972, Time: 01:20:32

Health: -4/104     AC: 16    Str: 27    XL:     13   Next: 13%
Magic:  15/16      EV: 19    Int:  9    God:    Okawaru [*****.]
Gold:   662        SH: 22    Dex: 18    Spells: 0 memorised, 12 levels left

rFire  + . .     SeeInvis +     f - +1 broad axe
rCold  . . .     Gourm    .     b - +0 scale mail
rNeg   . . .     Faith    +     r - +0 large shield {reflect}
rPois  .         Spirit   .     (helmet unavailable)
rElec  .         Dismiss  .     o - +1 cloak
rCorr  .         Reflect  +     n - +0 pair of gloves
SustAt +         Harm     .     l - +0 pair of boots
MR     +....                    K - amulet of Elirugi {Faith Dex+8}
Stlth  ++........               P - ring of flight
                                y - ring of sustain attributes

@: lethally poisoned (-4 -> -5), heroism, very slightly contaminated, invisible,
somewhat resistant to hostile enchantments, unstealthy
A: permanent stasis, dig shafts and tunnels, four strong arms, antennae 3,
blurry vision 1, deterioration 1, fire resistance 1, screaming 1, strong 1,
evolution 1, MP-powered wands
a: Dig, Shaft Self, Heroism, Finesse, Renounce Religion, Evoke Flight


You were on level 13 of the Dungeon.
You worshipped Okawaru.
Okawaru was extremely pleased with you.
You were not hungry.

You visited 1 branch of the dungeon, and saw 13 of its levels.
You also visited: Sewer and Ossuary.

You collected 881 gold pieces.
You spent 219 gold pieces at shops.

Inventory:

Hand Weapons
 f - a +1 broad axe (weapon)
 E - a +0 hand axe of flaming
 F - a +0 battleaxe
Armour
 b - a +0 scale mail (worn)
 l - a +0 pair of boots (worn)
 n - a +0 pair of gloves (worn)
 o - a +1 cloak (worn)
 r - a +0 large shield of reflection (worn)
 G - a +1 ring mail of fire resistance
Jewellery
 y - a ring of sustain attributes (left hand)
 K - the amulet of Elirugi (around neck) {Faith Dex+8}
   (You found it on level 10 of the Dungeon)

   [amulet of faith]

   It allows you to gain divine favour quickly.
   It affects your dexterity (+8).
 P - a ring of flight (right hand)
Wands
 s - a wand of polymorph (13/24)
 x - a wand of random effects (32/48)
 B - a wand of confusion (34/48)
 I - a wand of polymorph (0/24)
 J - a wand of random effects (11/48)
 L - a wand of iceblast (3/15)
 O - a wand of digging (8/24)
 U - a wand of paralysis (10/24)
Scrolls
 c - a scroll of fog
 e - 5 scrolls of remove curse
 g - 3 scrolls of identify
 h - 2 scrolls of enchant weapon
 t - 4 scrolls of recharging
 C - 3 scrolls of fear
 D - a scroll of amnesia
Potions
 d - a potion of cancellation
 i - 2 potions of cure mutation {unknown}
 k - 5 potions of brilliance
 m - a potion of agility
 v - 6 potions of flight
Books
 a - a book of Misfortune

   Spells                             Type                      Level
   a - Confusing Touch                Hexes                        2
   b - Confuse                        Hexes                        3
   c - Gell's Gravitas                Hexes/Translocation          3
   d - Petrify                        Transmutation/Earth          4
   e - Metabolic Englaciation         Hexes/Ice                    5
   f - Yara's Violent Unravelling     Hexes/Transmutation          5
 w - an Akashic Record

   Spells                             Type                      Level
   a - Dispersal                      Translocation                6
   b - Malign Gateway                 Summoning/Translocation      7
   c - Disjunction                    Translocation                8
   d - Controlled Blink               Translocation                8
 A - a book of Alchemy

   Spells                             Type                      Level
   a - Sublimation of Blood           Necromancy                   2
   b - Ignite Poison                  Fire/Transmutation/Poison    3
   c - Petrify                        Transmutation/Earth          4
   d - Alistair's Intoxication        Transmutation/Poison         5
   e - Irradiate                      Conjuration/Transmutation    5
Comestibles
 H - 9 fruits
 M - 5 slices of pizza
 N - 2 meat rations
 R - 2 bread rations
 T - a beef jerky


   Skills:
 * Level 10.6(15.6) Fighting
 + Level 10.6(15.6) Axes
 * Level 10.3(15.3) Armour
 + Level 6.6(11.6) Dodging
 + Level 12.0(17.0) Shields
 - Level 5.0 Invocations


You had 12 spell levels left.
You didn't know any spells.

Dungeon Overview and Level Annotations

Branches:
Dungeon (13/15)            Temple (0/1) D:7            Lair (0/8) D:11
    Orc (0/2) D:11         Vaults (0/5) D:13

Altars:
Ashenzari
Cheibriados
Dithmenos
Makhleb
Nemelex Xobeh
Okawaru
Qazlal
Sif Muna
Yredelemnul
Zin

Shops:
D:4 *   D:5 *![*   D:9 (

Annotations:
D:13 Sonja


Innate Abilities, Weirdness & Mutations

You are under a permanent stasis effect.
You can dig through walls and to a lower floor.
Your four strong arms can wield two-handed weapons with a shield.
You have a pair of large antennae on your head (SInv).
Scrolls take you a little longer to read.
Your body sometimes deteriorates upon taking damage.
Your flesh is heat resistant.
You occasionally shout uncontrollably at your foes.
Your muscles are strong. (Str +2)
You evolve.
You expend magic power (3 MP) to strengthen your wands.


Message History

Sonja blinks!
Sonja unwields an uncursed short sword of distortion.
Its appearance distorts for a moment.
Sonja wields an uncursed blowgun.
Sonja shoots a curare-tipped needle.
The curare-tipped needle barely misses you.
The orc warrior shoots a bolt.
You reflect the bolt off your +0 large shield of reflection!
The bolt hits the orc warrior!
You see here a curare-tipped needle.
Drink which item? (? for menu, Esc to quit)
You fade into invisibility!
Sonja unwields an uncursed blowgun.
Sonja wields an uncursed short sword of distortion.
Its appearance distorts for a moment.
You block Sonja's attack. Sonja barely misses you. You block Sonja's attack.
You are very lightly contaminated with residual magic.
You closely miss Sonja.
Sonja is heavily wounded.
The orc warrior shoots a bolt.
The bolt hits you!
You die...

#.## ##(≈≈≈≈.....
##.######.≈≈≈≈K≈...≈≈≈
#.....##(≈≈≈≈≈≈≈...≈≈
#.......(≈≈≈≈≈≈≈...≈
#.....##.##)(###.''# {
#.....##.#).(# #...#
#.....##.#...# #...#
#.....##.#..(# #...#
########.##)####@#.####
#.#...(.K......o.
#.#..............
###(.............
########'###### .⌠# ∩.#
.⌠# ##


You could see Sonja and an orc warrior.

Vanquished Creatures
  3 vault guards (D:13)
  An ogre mage (D:13)
  The ghost of pedritolo the Grappler, a journeyman MiAs of Okawaru (D:11)
  A hydra (D:10)
  2 centaur warriors (D:13)
  A wizard (D:13)
  An orc knight (D:13)
  A hill giant (D:10)
  Pikel (D:7)
  A deep elf mage (D:12)
  A manticore (D:13)
  Maurice (D:9)
  2 gargoyles (D:13)
  A komodo dragon (D:11)
  A kobold demonologist (Sewer)
  2 trolls
  Prince Ribbit (D:5)
  A two-headed ogre (D:13)
  Grinder (Sewer)
  Sigmund (D:5)
  A shadow (D:11)
  Eustachio (D:5)
  A vampire (D:13)
  A wraith (D:10)
  5 yaks
  A wyvern (D:11)
  2 hippogriffs
  A mottled dragon (D:13)
  A soldier ant (D:12)
  2 water moccasins (D:11)
  A slave (D:7)
  4 sky beasts
  An eye of draining (D:10)
  5 orc warriors
  An ice beast (D:8)
  5 phantoms
  A wasp (D:10)
  3 necrophages
  6 centaurs
  5 ogres
  A crocodile (D:10)
  6 big kobolds
  2 elf zombies (Ossuary)
  9 giant frogs
  A gnoll sergeant (D:9)
  3 scorpions
  3 killer bees (D:10)
  4 howler monkeys
  5 wights (D:7)
  2 electric eels (D:10)
  5 crimson imps
  2 centaur zombies
  4 human zombies (Ossuary)
  3 quasits
  4 hounds
  4 jellies
  7 orc priests
  Crazy Yiuf (D:3)
  Ijyb (D:2)
  Terence (D:3)
  2 giant frog skeletons
  6 iguanas
  10 orc wizards
  12 worker ants
  2 sheep (D:10)
  5 big kobold zombies
  A hound zombie (Ossuary)
  3 mummies (Ossuary)
  12 adders
  16 gnolls
  6 shadow imps
  5 ufetubi (Sewer)
  6 adder zombies
  6 worms
  3 dart slugs
  8 giant geckos
  43 orcs
  2 ball pythons
  7 bats
  A bat zombie (Sewer)
  9 giant cockroaches
  3 gnoll zombies
  7 goblins
  8 hobgoblins
  15 jackals
  24 kobolds
  8 quokkas
  6 giant newts
  2 goblin zombies (Ossuary)
  3 hobgoblin zombies (Ossuary)
  7 jackal zombies
  2 kobold zombies (Ossuary)
  An orc zombie (Ossuary)
  2 quokka zombies (Ossuary)
  12 rats
  2 rat zombies (Ossuary)
  2 plants (D:11)
410 creatures vanquished.

Vanquished Creatures (collateral kills)
  A wyvern skeleton (D:9)
1 creature vanquished.

Vanquished Creatures (others)
  A cyclops (D:11)
  2 slaves (D:7)
  A scorpion (D:7)
  4 kobolds (Sewer)
  A kobold zombie (Sewer)
  A plant (D:11)
10 creatures vanquished.

Grand Total: 421 creatures vanquished

Notes
Turn   | Place    | Note
--------------------------------------------------------------
     0 | D:1      | MTVSty1e the Formicid Fighter began the quest for the Orb.
     0 | D:1      | Reached XP level 1. HP: 18/18 MP: 1/1
    80 | D:1      | Reached XP level 2. HP: 10/24 MP: 2/2
   664 | D:1      | Reached XP level 3. HP: 21/29 MP: 3/3
   935 | D:1      | Reached skill level 4 in Shields
  1422 | D:2      | HP: 1/29 [gnoll/flail (4)]
  1424 | D:2      | Gained mutation: You evolve. [potion of mutation]
  1424 | D:2      | Gained mutation: Your spells are a little easier to cast, but a little less powerful. [potion of mutation]
  1424 | D:2      | Gained mutation: Scrolls take you a little longer to read. [potion of mutation]
  1425 | D:2      | Reached XP level 4. HP: 7/37 MP: 4/4
  1430 | D:2      | Reached skill level 1 in Dodging
  1948 | D:2      | Noticed Ijyb
  1967 | D:2      | Killed Ijyb
  1967 | D:2      | Reached XP level 5. HP: 36/42 MP: 5/5
  2414 | D:2      | Upgraded the game from 0.18.1-2-ga659475 to 0.18.1-5-g4a78601
  2775 | D:2      | Reached XP level 6. HP: 45/48 MP: 6/6
  2972 | D:2      | Found an iron altar of Okawaru.
  2980 | D:2      | Became a worshipper of Warmaster Okawaru
  3040 | D:3      | Noticed Terence
  3051 | D:3      | Killed Terence
  3241 | D:3      | Noticed Crazy Yiuf
  3245 | D:3      | Killed Crazy Yiuf
  3276 | D:3      | Reached skill level 1 in Invocations
  3348 | D:3      | Found a stormy altar of Qazlal.
  3473 | D:3      | Reached XP level 7. HP: 55/55 MP: 8/8
  3486 | D:3      | Reached * piety under Okawaru
  3620 | D:3      | Gained mutation: You occasionally shout uncontrollably at your foes. [potion of mutation]
  3620 | D:3      | Gained mutation: You rapidly evolve. [potion of mutation]
  3807 | D:3      | Lost mutation: Your spells are a little easier to cast, but a little less powerful. [evolution]
  4089 | D:3      | Found a glowing silver altar of Zin.
  4134 | D:4      | Reached skill level 5 in Armour
  4147 | D:4      | Found Dod Ocei's General Store.
  4156 | D:4      | Bought a +0 large shield of reflection for 93 gold pieces
  4195 | D:4      | Reached skill level 5 in Shields
  4225 | D:4      | Found a shadowy altar of Dithmenos.
  4282 | D:4      | Reached XP level 8. HP: 27/61 MP: 9/9
  4716 | D:4      | Found a glowing drain.
  4731 | Sewer    | Entered a sewer
  4868 | Sewer    | Gained mutation: You are resistant to hostile enchantments. [evolution]
  4975 | Sewer    | Found a burning altar of Makhleb.
  5009 | Sewer    | Noticed Grinder
  5023 | Sewer    | Killed Grinder
  5023 | Sewer    | Reached ** piety under Okawaru
  5023 | Sewer    | Reached skill level 5 in Fighting
  5023 | Sewer    | Reached skill level 5 in Axes
  5070 | Sewer    | Reached skill level 6 in Shields
  5105 | Sewer    | Noticed an apprentice kobold demonologist
  5114 | Sewer    | Killed an apprentice kobold demonologist
  5114 | Sewer    | Reached XP level 9. HP: 64/68 MP: 8/11
  5755 | D:5      | Entered Level 5 of the Dungeon
  5755 | D:5      | Found Haphag's General Store.
  5755 | D:5      | Noticed Prince Ribbit
  5760 | D:5      | Noticed Sigmund
  5767 | D:5      | Killed Sigmund
  5853 | D:5      | Gained mutation: Your flesh is heat resistant. [evolution]
  5860 | D:5      | Found Toum's Armour Emporium.
  5873 | D:5      | Found Cahim's Antique Armour Boutique.
  5904 | D:5      | Noticed Eustachio
  5934 | D:5      | Killed Eustachio
  5934 | D:5      | Reached skill level 7 in Shields
  5941 | D:5      | Reached *** piety under Okawaru
  6079 | D:5      | Found Ynuets's General Store.
  6112 | D:5      | Bought a scroll of identify for 28 gold pieces
  6112 | D:5      | Bought a scroll of identify for 28 gold pieces
  6112 | D:5      | Bought a potion of heal wounds for 70 gold pieces
  6268 | D:5      | Killed Prince Ribbit
  6401 | D:5      | Found Qerghit's Distillery.
  6962 | D:6      | Reached XP level 10. HP: 68/77 MP: 13/13
  7069 | D:6      | Found a sand-covered staircase.
  7076 | Ossuary  | Entered an ossuary
  7270 | Ossuary  | Reached **** piety under Okawaru
  7670 | D:6      | Reached skill level 5 in Invocations
  8108 | D:6      | Reached skill level 8 in Shields
  8194 | D:7      | Noticed Pikel
  8210 | D:7      | Killed Pikel
  8617 | D:7      | Found a staircase to the Ecumenical Temple.
  9071 | D:7      | Lost mutation: You are resistant to hostile enchantments. [evolution]
  9071 | D:7      | Lost mutation: You rapidly evolve. [end of evolution]
  9423 | D:8      | Reached ***** piety under Okawaru
  9512 | D:8      | Reached XP level 11. HP: 43/86 MP: 14/14
  9863 | D:8      | Reached skill level 9 in Shields
 10418 | D:9      | Found Xess's Weapon Emporium.
 10419 | D:9      | Noticed Maurice
 10443 | D:9      | Killed Maurice
 10562 | D:9      | Received a gift from Okawaru
 10562 | D:9      | Reached skill level 5 in Dodging
 10733 | D:9      | Found a deep blue altar of Sif Muna.
 10734 | D:9      | Found a snail-covered altar of Cheibriados.
 10735 | D:9      | Found a basalt altar of Yredelemnul.
 10735 | D:9      | Found an iron altar of Okawaru.
 10737 | D:9      | Found a burning altar of Makhleb.
 10737 | D:9      | Found a shattered altar of Ashenzari.
 11074 | D:10     | Entered Level 10 of the Dungeon
 11525 | D:10     | Got a smoking bone amulet
 11682 | D:10     | Gained mutation: You rapidly evolve. [evolution]
 11739 | D:10     | Noticed a hill giant
 12463 | D:10     | Noticed a three-headed hydra
 12469 | D:10     | Killed a one-headed hydra
 12506 | D:10     | Killed a hill giant
 13273 | D:10     | Reached skill level 10 in Shields
 13924 | D:10     | Lost mutation: You rapidly evolve. [end of evolution]
 14183 | D:11     | Found a staircase to the Orcish Mines.
 14191 | D:11     | Noticed pedritolo's ghost (journeyman MiAs)
 14254 | D:11     | Killed pedritolo's ghost
 14432 | D:11     | Identified the amulet of Elirugi {Faith Dex+8} (You found it on level 10 of the Dungeon)
 14452 | D:11     | Reached XP level 12. HP: 94/95 MP: 15/15
 14493 | D:11     | Gained mutation: Your body sometimes deteriorates upon taking damage. [potion of mutation]
 14493 | D:11     | Gained mutation: Your muscles are strong. (Str +2) [potion of mutation]
 14493 | D:11     | Gained mutation: You expend magic power (3 MP) to strengthen your wands. [potion of mutation]
 14692 | D:11     | Found a sparkling altar of Nemelex Xobeh.
 14775 | D:11     | Found a staircase to the Lair.
 16051 | D:12     | Reached skill level 11 in Shields
 16137 | D:13     | Noticed a centaur warrior
 16145 | D:13     | Reached skill level 10 in Axes
 16146 | D:13     | Killed a centaur warrior
 16533 | D:13     | Noticed a centaur warrior
 16540 | D:13     | Killed a centaur warrior
 16540 | D:13     | Reached skill level 10 in Fighting
 16582 | D:13     | Noticed a skeletal warrior
 16582 | D:13     | Noticed a skeletal warrior
 16583 | D:13     | Noticed a skeletal warrior
 16716 | D:13     | Reached skill level 10 in Armour
 16742 | D:13     | Received a gift from Okawaru
 16751 | D:13     | Noticed an ogre mage
 16752 | D:13     | Noticed Sonja
 16761 | D:13     | Killed an ogre mage
 16794 | D:13     | Noticed a vault guard
 16814 | D:13     | Noticed a vault guard
 16821 | D:13     | Killed a vault guard
 16867 | D:13     | Killed a vault guard
 16867 | D:13     | Reached XP level 13. HP: 30/104 MP: 14/16
 16880 | D:13     | Noticed a vault guard
 16896 | D:13     | Killed a vault guard
 16934 | D:13     | Reached skill level 12 in Shields
 16963 | D:13     | Found a gate to the Vaults.
 16972 | D:13     | Shot with a bolt by an orc warrior

Skill      XL: |  1  2  3  4  5  6  7  8  9 10 11 12 13 |
---------------+----------------------------------------+-----
Shields        | 4 5 6 7 8 10 11 12 | 12.0
Armour         | 4 5 6 7 9 10 | 10.3
Dodging        | 1 2 3 4 5 6 |  6.6
Axes           | 3 4 5 7 8 9 10 | 10.6
Fighting       | 4 5 6 8 9 10 | 10.6
Invocations    | 1 2 3 4 5 |  5.0

Action                   |  1- 3 |  4- 6 |  7- 9 | 10-12 | 13-15 || total
-------------------------+-------+-------+-------+-------+-------++-------
Melee: War axe           |    96 |    81 |       |       |       ||   177
       Broad axe         |       |   134 |   402 |   968 |    20 ||  1524
       Hand axe          |       |       |       |    15 |       ||    15
Invok: Heroism           |       |       |     8 |    18 |     1 ||    27
       Finesse           |       |       |       |     2 |       ||     2
 Abil: Dig               |     1 |       |     3 |    31 |       ||    35
       Evoke Flight      |       |       |       |     1 |       ||     1
Evoke: Wand              |       |       |       |     3 |       ||     3
  Use: Scroll            |     2 |     8 |    10 |    10 |       ||    30
       Potion            |     3 |       |     7 |    18 |     4 ||    32
 Stab: Invisible         |       |       |     2 |       |       ||     2
  Eat: Bread ration      |     1 |     1 |     1 |     3 |       ||     6
       Meat ration       |       |       |     2 |     3 |       ||     5
       Beef jerky        |       |       |       |     2 |     1 ||     3
       Pizza             |       |       |       |     2 |       ||     2
       Fruit             |       |       |       |     7 |       ||     7
Armor: Scale mail        |    67 |   110 |   176 |   245 |     2 ||   600
       Skin              |       |       |       |    10 |       ||    10
Dodge: Dodged            |    39 |    86 |   144 |   286 |    13 ||   568
Block: Shield            |    71 |   164 |    44 |       |       ||   279
       Large shield      |       |       |   392 |   977 |    23 ||  1392
       Reflection        |       |       |    12 |    22 |     1 ||    35
